 Dungeon Crawl Stone Soup version 0.29-a0-994-gc5c9f59d18 (webtiles) character file.

Game seed: 6917603518296588810

100 gelatine the Sneak (level 4, -11/23 (27) HPs)
             Began as an Octopode Fire Elementalist on Aug 3, 2022.
             Mangled by an iguana (13 damage)
             ... on level 4 of the Dungeon.
             The game lasted 00:06:19 (3027 turns).

gelatine the Sneak (Octopode Fire Elementalist)     Turns: 3027, Time: 00:06:22

HP:   -11/23 (27)   AC:  2    Str:  7    XL:     4   Next: 74%
MP:   4/8           EV: 13    Int: 19    God:
Gold: 198           SH:  0    Dex: 12    Spells: 5/8 levels left

rFire   . . .      SeeInvis .   (no weapon)
rCold   . . .      Faith    .   (no shield)
rNeg    . . .      Spirit   .   m - +1 hat
rPois   .          Reflect  .   (no amulet)
rElec   .          Harm     .   (no ring)
rCorr   .          Rampage  .   (no ring)
Will    .....                   (no ring)
Stlth   +++.......              (no ring)
HPRegen 0.07/turn               (no ring)
MPRegen 0.11/turn               (no ring)
                                (no ring)
                                (no ring)

@: heavily drained
A: almost no armour, amphibious, 8 rings, camouflage 1, gelatinous body 1,
(nimble swimmer 1), tentacles
a: no special abilities


You were on level 4 of the Dungeon.
You visited 1 branch of the dungeon, and saw 4 of its levels.

You collected 198 gold pieces.

Inventory:

Armour
 m - a +1 hat (worn)
Magical Staves
 q - a staff of conjuration
Wands
 n - a wand of mindburst (7)
Scrolls
 c - a scroll of butterflies
 e - a scroll of noise {unknown}
 i - 2 scrolls of teleportation
 l - a scroll of immolation {unknown}
 p - a scroll of brand weapon {unknown}
Potions
 a - a potion of magic
 b - 2 potions of heal wounds {unknown}
 f - 3 potions of lignification {unknown}
 g - 2 potions of haste {unknown}
 h - a potion of invisibility
 j - 2 potions of mutation {unknown}
 k - a potion of brilliance
 o - a potion of flight {unknown}


   Skills:
 + Level 0.7 Fighting
 + Level 2.1 Dodging
 + Level 4.0 Stealth
 + Level 0.2 Unarmed Combat
 + Level 2.8 Spellcasting
 + Level 1.9 Conjurations
 + Level 3.6 Fire Magic


You had 5 spell levels left.
You knew the following spells:

 Your Spells              Type           Power      Damage    Failure   Level
a - Foxfire               Conj/Fire      52%        2x1d6     4%          1
b - Scorch                Fire           32%        2d7       5%          2

Your spell library contained the following spells:

 Spells                   Type           Power      Damage    Failure   Level
 Sting                    Tmut/Pois      8%         1d3       16%         1
 Summon Small Mammal      Summ           8%         N/A       16%         1
 Conjure Flame            Conj/Fire      13%        6-21      16%         3
 Inner Flame              Hex/Fire       9%         N/A       22%         3
 Poisonous Vapours        Pois/Air       4%         N/A       24%         2
 Call Canine Familiar     Summ           2%         N/A       43%         3
 Summon Guardian Golem    Hex/Summ       2%         N/A       43%         3
 Flame Wave               Conj/Fire      13%        2d6       45%         4
 Corpse Rot               Necr/Pois/Air  2%         N/A       83%         4
 Olgreb's Toxic Radiance  Pois           2%         N/A       83%         4


Dungeon Overview and Level Annotations

Branches:
Dungeon (4/15)
 Temple: D:4-7

Altars:

Shops:
D:3 :

Annotations:
D:4 Edmund


Innate Abilities, Weirdness & Mutations

You cannot wear most types of armour.
You are amphibious.
You can wear up to eight rings at the same time.
Your skin changes colour to match your surroundings (Stealth+).
Your rubbery body absorbs attacks. (AC +1, EV +1)
((You are camouflaged when in or above water. (Stealth+)))
You have tentacles for arms and can constrict up to eight enemies at once.


Message History

You tentacle-slap Edmund.
Edmund is heavily wounded.
You constrict Edmund, but do no damage.
The foxfire hits Edmund but does no damage.
Edmund is heavily wounded.
The foxfire hits Edmund but does no damage.
Edmund is heavily wounded.
Edmund closely misses you.
You conjure some foxfire!
You constrict Edmund.
Edmund hits you with a +1 flail of draining.
You feel drained.
You tentacle-slap Edmund but do no damage.
You squeeze Edmund.
Edmund is severely wounded.
You constrict Edmund, but do no damage.
The foxfire hits Edmund but does no damage.
Edmund is severely wounded.
The foxfire hits Edmund.
Edmund is severely wounded.
Edmund hits you with a +1 flail of draining!
You feel drained.
You are too injured to fight recklessly!
Casting: Foxfire (safe; 4% risk of failure)
Confirm with . or Enter, or press ? or * to list all spells.
You conjure some foxfire!
You constrict Edmund. Edmund closely misses you. The iguana bites you.
* * * LOW HITPOINT WARNING * * *
You tentacle-slap Edmund but do no damage.
Edmund is severely wounded.
You constrict Edmund, but do no damage.
The foxfire hits the iguana.
The iguana is lightly wounded.
The foxfire hits Edmund.
Edmund is almost dead.
Edmund hits you with a +1 flail of draining.
* * * LOW HITPOINT WARNING * * *
You feel drained.
* * * LOW HITPOINT WARNING * * *
The iguana bites you!
Ouch! That really hurt!
You die...

..# ..#
..# #.#
#.# #.#
###l###
#..@@.#
#.#.#.#
#
#.....
#.#.###
...$#
######


You could see Edmund (strong) and an iguana.

Vanquished Creatures
  5 adders
  A worm (D:2)
  A dart slug (D:1)
  5 ball pythons
  2 endoplasms (D:2)
  A giant cockroach (D:2)
  4 goblins
  3 hobgoblins
  2 jackals (D:2)
  A quokka (D:2)
  4 bats
  12 frilled lizards
  9 kobolds
  5 rats
55 creatures vanquished.

Vanquished Creatures (collateral kills)
  A foxfire (D:2)
1 creature vanquished.

Vanquished Creatures (others)
  121 foxfires
  3 plants (D:2)
124 creatures vanquished.

Grand Total: 180 creatures vanquished

Notes
Turn   | Place    | Note
-------+----------+-------------------------------------------
     0 | D:1      | gelatine the Octopode Fire Elementalist began the quest for
                  | the Orb.
     0 | D:1      | Reached XP level 1. HP: 11/11 MP: 3/3
   410 | D:1      | Reached XP level 2. HP: 17/17 MP: 0/5
   423 | D:1      | Reached skill level 3 in Stealth
   953 | D:1      | Found a faded altar of an unknown god.
  1262 | D:2      | Reached XP level 3. HP: 4/21 MP: 3/6
  2025 | D:2      | Identified the +0 ring mail of the Blessed Realm {Dex+2}
  2059 | D:2      | Reached XP level 4. HP: 23/27 MP: 2/7
  2341 | D:3      | Learned a level 2 spell: Scorch
  2403 | D:3      | Found Pan Hikkuh's Vocational Training.
  2900 | D:3      | Reached skill level 4 in Stealth
  3015 | D:4      | Noticed Edmund
  3027 | D:4      | Mangled by an iguana

Illustrated notes

Levels and vault maps discovered:
D:1:      giann_forest_graveyard, layout_basic,
          dilly_ecumenical_altar_fadedgnrine, minmay_door_square
D:2:      layout_rooms, minmay_lizard_king
D:3:      layout_basic, nicolae_shop_vocational
D:4:      layout_loops_ring, uniq_sigmund, uniq_ijyb, uniq_edmund

Skill      XL: |  1  2  3  4 |
---------------+-------------+-----
Stealth        | 3 4 |  4.0
Fighting       | |  0.7
Dodging        | |  2.1
Unarmed Combat | |  0.2
Spellcasting   | |  2.8
Conjurations   | |  1.9
Fire Magic     | |  3.6

Action                   |  1- 3 |  4- 6 || total
-------------------------+-------+-------++-------
Melee: Unarmed           |    30 |     5 ||    35
       Constrict         |    10 |     2 ||    12
       Tentacles         |     8 |     2 ||    10
 Cast: Foxfire           |    53 |    24 ||    77
  Use: Scroll            |       |     4 ||     4
 Stab: Sleeping          |     1 |       ||     1
Armor: Skin              |     4 |     1 ||     5
Dodge: Dodged            |    15 |     9 ||    24

Table legend: (Time is in decaauts)
 A = Elapsed time spent in this place.
 B = Non-inter-level travel time spent in this place.
 C = Inter-level travel time spent in this place.
 D = Time resting spent in this place.
 E = Time spent auto-exploring this place.
 F = Levels seen in this place.
 G = Mean time per level.
                   A        B        C        D        E       F      G
               +--------+--------+--------+--------+--------+-----+--------+
         Total |   3026 |   2863 |    163 |    428 |   2089 |   4 |  756.5 |
       Dungeon |   3026 |   2863 |    163 |    428 |   2089 |   4 |  756.5 |
               +--------+--------+--------+--------+--------+-----+--------+

Top non-repeatable levels by time:
     D:1: 1247 daAuts
     D:2: 1089 daAuts
     D:3: 671 daAuts
     D:4: 17 daAuts
